[Event "2026 European Womens Championship"]
[Site "Batumi, GE"]
[Date "2026.05.29"]
[Round "5"]
[White "Golsta, Madara"]
[Black "Zeliantsova, Kseniya"]
[Result "1-0"]
[Board "106"]
[TimeControl "5400+30"]
[WhiteFideId "11607386"]
[BlackFideId "13512617"]
[WhiteElo "2023"]
[BlackElo "2176"]
[BlackTitle "WFM"]
[WhiteClock "0:12:20"]
[BlackClock "0:00:32"]
[Variant "Standard"]

1. e4 d6 2. d4 Nf6 3. Nc3 g6 4. f4 Bg7 5. Nf3 O-O 6. e5 dxe5 7. fxe5 Nd5 8. Bc4 Nxc3 9. bxc3 c5 10. O-O Bg4 11. Qd3 Nc6 12. Ng5 e6 13. h3 Bf5 14. Rxf5 exf5 15. e6 cxd4 16. exf7+ Kh8 17. Ne6 Qd6 18. Nxg7 Kxg7 19. cxd4 b5 20. Bxb5 Nb4 21. Qd2 Nd5 22. Qh6+ Kh8 23. c4 Nf6 24. Qf4 Qb6 25. Ba4 Rxf7 26. Bb3 Re7 27. c5 Qa6 28. d5 Re4 29. Qf2 Rae8 30. d6 Kg7 31. Bb2 Qc6 32. Rd1 Re2 33. Bxf6+ Kxf6 34. Qd4+ Kg5 35. Bd5 Qd7 36. Bf3 Re1+ 37. Rxe1 Rxe1+ 38. Kh2 Re6 39. c6 Qd8 40. d7 Qc7+ 41. g3 1-0

[Event "2026 European Womens Championship"]
[Site "Batumi, GE"]
[Date "2026.05.29"]
[Round "5"]
[White "Ashotia, Barbare"]
[Black "Khurtsilava, Inga"]
[Result "1/2-1/2"]
[Board "107"]
[TimeControl "5400+30"]
[WhiteFideId "13625187"]
[BlackFideId "13600419"]
[WhiteElo "1913"]
[BlackElo "2175"]
[BlackTitle "WGM"]
[WhiteClock "0:12:18"]
[BlackClock "0:11:38"]
[Variant "Standard"]

1. e4 c6 2. d4 d5 3. e5 Bf5 4. g4 Be4 5. f3 Bg6 6. e6 Qd6 7. exf7+ Bxf7 8. Bd3 Nd7 9. f4 Ngf6 10. Qe2 c5 11. dxc5 Nxc5 12. Bb5+ Ncd7 13. c3 a6 14. Ba4 b5 15. Bc2 e5 16. fxe5 Qxe5 17. g5 Qxe2+ 18. Nxe2 Ne4 19. Be3 Bc5 20. Bxc5 Ndxc5 21. h4 O-O 22. Nd2 Rae8 23. Nxe4 Nxe4 24. Bxe4 dxe4 25. Nd4 Bc4 26. b3 Bd3 27. Kd2 Rc8 28. Rh2 Bf1 29. Rc1 g6 30. Ke3 Bd3 31. Rf2 Rfe8 32. Rf6 a5 33. Rb6 Rc5 34. Rc6 Rce5 35. Ra6 a4 36. bxa4 bxa4 37. Rxa4 h6 38. Ra7 hxg5 39. Rg1 Rc8 40. Rxg5 Rxg5 41. hxg5 Rxc3 42. Kf4 Bb1 43. a4 Rc4 44. Ke3 Rc3+ 45. Ke2 Ba2 46. Re7 Bc4+ 47. Kf2 Ra3 48. Rxe4 Rxa4 49. Ke3 Ba2 50. Re7 Kf8 51. Rc7 Bb1 52. Rb7 Bf5 53. Rb5 Kg7 54. Nxf5+ 1/2-1/2

[Event "2026 European Womens Championship"]
[Site "Batumi, GE"]
[Date "2026.05.29"]
[Round "5"]
[White "Starosta, Martyna"]
[Black "Akat, Elifnaz"]
[Result "1/2-1/2"]
[Board "108"]
[TimeControl "5400+30"]
[WhiteFideId "21818754"]
[BlackFideId "34560556"]
[WhiteElo "2175"]
[BlackElo "2061"]
[WhiteTitle "WIM"]
[BlackTitle "WFM"]
[WhiteClock "0:01:04"]
[BlackClock "0:01:22"]
[Variant "Standard"]

1. d4 d5 2. c4 c6 3. Nc3 Nf6 4. Nf3 e6 5. Bg5 Nbd7 6. e3 Qa5 7. cxd5 exd5 8. Nd2 Ne4 9. Ndxe4 dxe4 10. Bh4 Bb4 11. Qc2 O-O 12. Be2 f5 13. O-O Nf6 14. Bc4+ Nd5 15. a3 Bxc3 16. bxc3 Kh8 17. Rfc1 f4 18. exf4 Rxf4 19. Bg3 Rf8 20. Qxe4 Bf5 21. Qe1 Rfe8 22. Qd2 Nf6 23. Bd3 Ne4 24. Bxe4 Bxe4 25. Be5 Qd8 26. Qf4 Bg6 27. Re1 Rf8 28. Qd2 Qd5 29. Re3 Rae8 30. Rae1 Kg8 31. Qe2 b5 32. h4 Qc4 33. Qd2 Qb3 34. Rg3 Rf7 35. Rg5 Qc2 36. Qe3 Rf5 37. Rc1 Qb2 38. Rxf5 Bxf5 39. h5 h6 40. c4 c5 41. cxb5 cxd4 42. Bxd4 Qxb5 43. Qf4 Re4 44. Qd6 Be6 45. Bxg7 Qf5 46. Bxh6 Rg4 47. Re1 Bf7 48. Qe5 Qf3 49. g3 Bxh5 50. Bf4 Bf7 51. Qb8+ Kh7 52. Qxa7 Qxf4 1/2-1/2

[Event "2026 European Womens Championship"]
[Site "Batumi, GE"]
[Date "2026.05.29"]
[Round "5"]
[White "Hariharan, Shambavi"]
[Black "Odisharia, Teona"]
[Result "1/2-1/2"]
[Board "109"]
[TimeControl "5400+30"]
[WhiteFideId "488160"]
[BlackFideId "13602322"]
[WhiteElo "2008"]
[BlackElo "2167"]
[WhiteTitle "WFM"]
[BlackTitle "WFM"]
[WhiteClock "0:01:22"]
[BlackClock "0:01:58"]
[Variant "Standard"]

1. d4 Nf6 2. c4 g6 3. Nc3 Bg7 4. Nf3 O-O 5. g3 c5 6. Bg2 d6 7. e3 Nc6 8. O-O cxd4 9. exd4 Bg4 10. Be3 Qc8 11. Qd2 Rd8 12. Rac1 e5 13. b3 Bxf3 14. Bxf3 Qf5 15. Bg2 Ng4 16. dxe5 dxe5 17. Nd5 Qh5 18. h3 Nxe3 19. Qxe3 Nd4 20. Kh2 Kh8 21. f4 exf4 22. Nxf4 Qa5 23. Qf2 Nc6 24. Rcd1 h5 25. Bd5 Qc7 26. Rde1 Rf8 27. Re4 Rae8 28. Rfe1 Rxe4 29. Rxe4 Kh7 30. Re1 Nd4 31. Re4 Nc6 32. Kh1 Qd7 33. Kg2 a6 1/2-1/2

[Event "2026 European Womens Championship"]
[Site "Batumi, GE"]
[Date "2026.05.29"]
[Round "5"]
[White "Damaso Tacoronte, Carolina"]
[Black "Gueci, Tea"]
[Result "1-0"]
[Board "110"]
[TimeControl "5400+30"]
[WhiteFideId "2292858"]
[BlackFideId "872342"]
[WhiteElo "1890"]
[BlackElo "2160"]
[BlackTitle "WIM"]
[WhiteClock "0:01:25"]
[BlackClock "0:02:27"]
[Variant "Standard"]

1. d4 d5 2. c4 e6 3. Nc3 Nf6 4. cxd5 exd5 5. Bg5 Be6 6. e3 c6 7. Bd3 Nbd7 8. Nf3 h6 9. Bh4 g5 10. Bg3 Nh5 11. Qc2 Nxg3 12. hxg3 Bg7 13. a3 a5 14. Rb1 O-O 15. Bh7+ Kh8 16. Bf5 Qf6 17. g4 Rfe8 18. Ne2 Bxf5 19. gxf5 g4 20. Nh4 Qg5 21. g3 Rac8 22. Qb3 b5 23. O-O Nf6 24. Rbc1 Ne4 25. Qd3 Bf6 26. Nf4 Qg8 27. Nfg2 Qf8 28. Rc2 Qd6 29. Kh2 a4 30. Rfc1 Rg8 31. Qe2 Qd7 32. Kg1 Nd6 33. Qd3 h5 34. b3 axb3 35. Qxb3 Nc4 36. a4 Ra8 37. axb5 cxb5 38. Ra2 Ra4 39. Rb1 Rga8 40. Re2 b4 41. e4 Bxd4 42. exd5 Qxd5 43. Nf4 Qb5 44. Nxh5 Ra1 45. Kh2 R8a3 46. Qd1 Qd7 47. Qc1 Qc6 48. f6 Be3 49. Rxe3 Rxe3 50. Rxa1 b3 51. Rb1 Qa4 52. fxe3 Qa2+ 53. Ng2 Nd2 54. Rb2 Nf3+ 55. Kh1 Qa5 56. Qc8+ Kh7 57. Qxg4 Qa1+ 58. Ne1 Qxe1+ 59. Kg2 Qg1+ 60. Kxf3 Qh1+ 61. Ke2 Qg2+ 62. Kd3 Qf1+ 63. Kc3 Qc1+ 64. Kxb3 Qxe3+ 65. Ka2 Qa7+ 66. Kb1 Qg1+ 67. Kc2 Qc5+ 68. Kd3 Qd5+ 69. Ke3 Qc5+ 70. Kf4 Qd4+ 71. Kf3 Qc3+ 72. Kg2 Qxb2+ 73. Kh3 Kh6 74. Qg7+ 1-0

[Event "2026 European Womens Championship"]
[Site "Batumi, GE"]
[Date "2026.05.29"]
[Round "5"]
[White "Ptacnikova, Lenka"]
[Black "Esadze, Tamari"]
[Result "1-0"]
[Board "111"]
[TimeControl "5400+30"]
[WhiteFideId "305650"]
[BlackFideId "13611186"]
[WhiteElo "2126"]
[BlackElo "1974"]
[WhiteTitle "WGM"]
[WhiteClock "0:59:55"]
[BlackClock "0:14:28"]
[Variant "Standard"]

1. Nf3 Nf6 2. c4 e6 3. b3 d5 4. Bb2 Bd6 5. g3 O-O 6. Bg2 Nbd7 7. d4 c6 8. O-O Re8 9. Nc3 b6 10. Qc2 Bb7 11. Rfd1 c5 12. cxd5 exd5 13. dxc5 bxc5 14. Ng5 Be5 15. Nxd5 Bxd5 16. Bxd5 Nxd5 17. Rxd5 Qxg5 18. Rxd7 Bxb2 19. Qxb2 Qg4 20. Rd2 Re6 21. Rad1 Rae8 22. Qc2 h6 23. e3 Re5 24. Rd5 Qh5 25. Qc4 Qf3 26. R1d2 Kh7 27. Qxc5 Qf6 28. Rxe5 Rxe5 29. Qxa7 Qc6 30. Qd4 Rc5 31. e4 Rc1+ 32. Kg2 g6 33. Qd5 Qf6 34. Rd3 h5 35. e5 Qg7 36. Rf3 Rc7 37. b4 Re7 38. Rf6 Qg8 39. b5 Kg7 40. b6 Qb8 41. a4 h4 42. g4 Qc8 43. h3 Rd7 44. Rd6 Re7 45. a5 Qc3 46. b7 Re8 47. Rd7 Kh6 48. Qd2+ 1-0

[Event "2026 European Womens Championship"]
[Site "Batumi, GE"]
[Date "2026.05.29"]
[Round "5"]
[White "Nahapetyan, Ani"]
[Black "Donghvani, Nia"]
[Result "1-0"]
[Board "112"]
[TimeControl "5400+30"]
[WhiteFideId "13317776"]
[BlackFideId "13614649"]
[WhiteElo "1827"]
[BlackElo "2117"]
[BlackTitle "WFM"]
[WhiteClock "0:15:32"]
[BlackClock "0:01:47"]
[Variant "Standard"]

1. e4 e6 2. d4 d5 3. Nc3 Nf6 4. e5 Nfd7 5. f4 c5 6. Nf3 Nc6 7. Be3 a6 8. Ne2 Qb6 9. Qc1 a5 10. c3 f6 11. g3 fxe5 12. dxe5 Be7 13. Bh3 Nf8 14. O-O Ng6 15. Qc2 Bd7 16. Bxe6 Bxe6 17. f5 d4 18. cxd4 Nb4 19. Qb1 Bc4 20. Qd1 Qa6 21. Rf2 Nd3 22. fxg6 Nxf2 23. Kxf2 Bxe2 24. Qxe2 Qxe2+ 25. Kxe2 cxd4 26. Nxd4 hxg6 27. h4 Rc8 28. Kd3 O-O 29. Ke4 Rfe8 30. Rc1 Bc5 31. Rc4 b6 32. a3 Bxd4 33. Rxd4 Rc5 34. Rd5 Rc6 35. Rd7 Rc2 36. Bd4 Re6 37. Kd5 Rcc6 38. Rd6 Rcxd6+ 39. exd6 Re8 40. d7 Rd8 41. Kd6 Kf7 42. Bxb6 1-0

[Event "2026 European Womens Championship"]
[Site "Batumi, GE"]
[Date "2026.05.29"]
[Round "5"]
[White "Nadanyan, Kiti"]
[Black "Mkrtchyan, Anahit H."]
[Result "1-0"]
[Board "113"]
[TimeControl "5400+30"]
[WhiteFideId "13316710"]
[BlackFideId "13314858"]
[WhiteElo "1801"]
[BlackElo "2107"]
[WhiteClock "0:00:32"]
[BlackClock "0:30:00"]
[Variant "Standard"]

1. e4 c6 2. d4 d5 3. Nc3 dxe4 4. Nxe4 Nf6 5. Qd3 Nxe4 6. Qxe4 Nd7 7. Nf3 Nf6 8. Qd3 g6 9. Be2 Bf5 10. Qb3 Qb6 11. c3 Bg7 12. O-O O-O 13. Re1 Be6 14. Qa3 Qc7 15. Ng5 Bf5 16. Bf1 e6 17. h3 h6 18. Nf3 g5 19. g4 Bh7 20. Ne5 Nd5 21. c4 Nf4 22. Bd2 Rad8 23. Bb4 Rxd4 24. Bxf8 Bxf8 25. Qxa7 c5 26. Nf3 Rd6 27. Qa3 Bg7 28. Rad1 Bd4 29. Nxd4 cxd4 30. Rd2 Ra6 31. Qb3 e5 32. Qb5 Re6 33. Qa4 h5 34. f3 h4 35. Qb5 f6 36. c5 Kg7 37. Kh1 e4 1-0

[Event "2026 European Womens Championship"]
[Site "Batumi, GE"]
[Date "2026.05.29"]
[Round "5"]
[White "Berke, Ana"]
[Black "Asatiani, Natali"]
[Result "1-0"]
[Board "114"]
[TimeControl "5400+30"]
[WhiteFideId "14510359"]
[BlackFideId "13636715"]
[WhiteElo "2164"]
[BlackElo "1603"]
[WhiteTitle "WIM"]
[WhiteClock "0:35:17"]
[BlackClock "0:22:54"]
[Variant "Standard"]

1. d4 Nf6 2. Nc3 g6 3. e4 d6 4. Bc4 Bg7 5. Qe2 e5 6. dxe5 dxe5 7. Nf3 Qe7 8. h3 O-O 9. O-O c6 10. a4 Qc7 11. a5 Nbd7 12. Be3 Nh5 13. g3 Kh8 14. Ng5 Kg8 15. Nxf7 Rxf7 16. Bxf7+ Kxf7 17. Qc4+ Kf8 18. f4 Ndf6 19. Nb5 Qf7 20. Qxf7+ Kxf7 21. Nc7 Bxh3 22. Nxa8 Bxf1 23. Rxf1 Nxg3 24. Rf3 Nfxe4 25. fxe5+ Ke6 26. Nc7+ Ke7 27. e6 Nf5 28. Bxa7 Be5 29. Rd3 Nfd6 30. c4 c5 31. b4 Bd4+ 32. Kg2 h6 33. bxc5 Bxc5 34. Bxc5 Nxc5 35. Re3 Nde4 36. Kf3 Ng5+ 37. Kg4 Ngxe6 38. Nxe6 Nxe6 39. Rb3 Nc5 40. Rxb7+ Kd8 41. Rh7 Kc8 42. Rxh6 Nd3 43. Kg5 Ne5 44. Rh7 Nxc4 45. a6 Kb8 46. Kxg6 Nd6 47. Kf6 Ne4+ 48. Ke5 Nc5 49. a7+ Ka8 50. Kd5 Nb7 51. Kc6 Na5+ 52. Kb6 Nc4+ 53. Ka6 1-0

[Event "2026 European Womens Championship"]
[Site "Batumi, GE"]
[Date "2026.05.29"]
[Round "5"]
[White "Dwilewicz, Katarzyna"]
[Black "Giorgadze, Mariam Ere"]
[Result "1-0"]
[Board "115"]
[TimeControl "5400+30"]
[WhiteFideId "1148486"]
[BlackFideId "13636839"]
[WhiteElo "2131"]
[BlackElo "1909"]
[WhiteTitle "WIM"]
[WhiteClock "0:30:12"]
[BlackClock "0:01:26"]
[Variant "Standard"]

1. e4 c5 2. c3 d5 3. exd5 Qxd5 4. Nf3 Nf6 5. d4 Nc6 6. Be2 Bg4 7. O-O e6 8. Be3 Be7 9. dxc5 O-O 10. h3 Bh5 11. Qb3 Qd7 12. Rd1 Qc7 13. Na3 Nd5 14. Nb5 Qa5 15. Bd2 a6 16. c4 Ndb4 17. Nd6 Bxf3 18. Bxf3 Qxc5 19. Nxb7 Qb6 20. Bxc6 Qxc6 21. Bxb4 Qxb7 22. Bxe7 Qxe7 23. Rd2 Rfb8 24. Qf3 Rd8 25. Rad1 Rac8 26. Qb7 Qe8 27. Rxd8 Rxd8 28. Rxd8 Qxd8 29. Qxa6 h6 30. Qa4 Qd2 31. Qe8+ Kh7 32. Qxf7 Qc1+ 33. Kh2 Qxc4 34. b3 Qd5 35. Qf4 e5 36. Qe3 e4 37. a4 Qd3 38. g3 Kg8 39. a5 Kf7 40. Kg2 Ke6 41. Qxd3 1-0

[Event "2026 European Womens Championship"]
[Site "Batumi, GE"]
[Date "2026.05.29"]
[Round "5"]
[White "Gharibyan, Mane"]
[Black "Lomaia, Diana"]
[Result "0-1"]
[Board "116"]
[TimeControl "5400+30"]
[WhiteFideId "13306430"]
[BlackFideId "13612476"]
[WhiteElo "1776"]
[BlackElo "2110"]
[BlackTitle "WFM"]
[WhiteClock "0:06:08"]
[BlackClock "0:03:03"]
[Variant "Standard"]

1. e4 e5 2. Nf3 Nc6 3. Bb5 a6 4. Ba4 Nf6 5. d3 b5 6. Bb3 Bc5 7. a4 b4 8. a5 Bb7 9. O-O O-O 10. Nbd2 d5 11. exd5 Nxd5 12. Nc4 f6 13. Be3 Be7 14. Qe2 Kh8 15. Bd2 Qd7 16. h3 Rad8 17. Rfe1 Bc5 18. Be3 Nxe3 19. fxe3 Ne7 20. Nh4 g5 21. Nf3 Ng6 22. Kh1 Nh4 23. e4 Ng6 24. Nh2 Nf4 25. Qf3 Bc8 26. Ne3 Bxe3 27. Qxe3 Qd6 28. Nf1 Rfe8 29. Ng3 Re7 30. Rad1 h5 31. Nf5 Bxf5 32. exf5 Qc6 33. Qe4 Qxe4 34. Rxe4 c5 35. Kh2 Rc7 36. Bc4 Rc6 37. Kg1 h4 38. Bf7 Kg7 39. Bc4 Kf8 40. Kf2 Nh5 41. g4 hxg3+ 42. Kf3 Rd7 43. h4 Rg7 44. Rg1 gxh4 45. Rxh4 Rg5 46. Be6 Rc7 47. Rg4 Rxg4 48. Kxg4 Nf4 49. Bc4 g2 50. Kf3 Rh7 51. Bxa6 Rh1 52. Rxg2 Nxg2 53. Kxg2 Ra1 54. Bc4 Rxa5 55. Kf3 Ke7 56. Kg4 Ra1 57. Kf3 Rf1+ 58. Ke4 Kd6 59. Be6 Rf2 60. b3 Rxc2 61. Bc4 Rf2 62. Be6 Rf4+ 63. Ke3 Ke7 64. Bc8 Kf8 65. Be6 Kg7 66. Bd7 Kh6 67. Bc8 Kg5 68. Be6 Rxf5 69. Ke4 Rf4+ 70. Kd5 Rd4+ 71. Kxc5 Rxd3 72. Kxb4 e4 73. Kc4 Rd6 74. Bh3 e3 75. Bf1 Rd2 0-1

[Event "2026 European Womens Championship"]
[Site "Batumi, GE"]
[Date "2026.05.29"]
[Round "5"]
[White "Ediberidze, Alexandra"]
[Black "Nenova, Andzhelika"]
[Result "0-1"]
[Board "117"]
[TimeControl "5400+30"]
[WhiteFideId "13636685"]
[BlackFideId "2939355"]
[WhiteElo "1638"]
[BlackElo "2072"]
[WhiteClock "0:22:00"]
[BlackClock "0:06:06"]
[Variant "Standard"]

1. e4 c5 2. Nf3 Nc6 3. Bb5 e5 4. O-O Bd6 5. c3 a6 6. Ba4 b5 7. Bb3 c4 8. Bc2 Nf6 9. d4 cxd3 10. Qxd3 Qe7 11. Rd1 Bc7 12. Bg5 O-O 13. a4 b4 14. Nbd2 d6 15. Bxf6 gxf6 16. Nc4 Be6 17. Ne3 bxc3 18. bxc3 Qd8 19. Nd5 Nb8 20. Qe3 Kh8 21. Qh6 Nd7 22. Nh4 Rg8 23. Rd3 Rb8 24. Rf3 Rb2 25. Rc1 Ba5 26. Nf5 Bxf5 27. Rxf5 Rg6 28. Qe3 Bb6 29. Qf3 Bc5 30. h4 Qg8 31. Nxf6 Nxf6 32. Rxf6 Rg3 33. Qf5 Rxg2+ 34. Kh1 Rxc2 0-1

[Event "2026 European Womens Championship"]
[Site "Batumi, GE"]
[Date "2026.05.29"]
[Round "5"]
[White "Subramanian, Anusha"]
[Black "Kalyoncu, Beren"]
[Result "0-1"]
[Board "118"]
[TimeControl "5400+30"]
[WhiteFideId "477710"]
[BlackFideId "51608383"]
[WhiteElo "2068"]
[BlackElo "1840"]
[WhiteTitle "WFM"]
[BlackTitle "WCM"]
[WhiteClock "0:19:08"]
[BlackClock "0:03:45"]
[Variant "Standard"]

1. e4 e6 2. d4 d5 3. exd5 exd5 4. c4 Bb4+ 5. Nc3 Ne7 6. Bd3 dxc4 7. Bxc4 O-O 8. Nge2 Nbc6 9. O-O Bf5 10. a3 Bxc3 11. bxc3 Nd5 12. Ng3 Bg6 13. Qf3 Nb6 14. Ba2 Qd7 15. h4 h6 16. h5 Bh7 17. Bf4 Rfe8 18. Bb1 Bxb1 19. Raxb1 Qd5 20. Qg4 Kh8 21. Nf5 Rg8 22. Ne3 Qd8 23. Qg3 Rc8 24. Qf3 Qd7 25. d5 Na5 26. Rfd1 Rge8 27. Bxh6 Nac4 28. Ng4 f5 29. Ne3 gxh6 30. Nxc4 Nxc4 31. Qf4 Nd6 32. Qxh6+ Qh7 33. Qf6+ Qg7 34. Qh4 Rg8 35. Qh2 Rce8 36. Rd3 Qh6 37. c4 b6 38. Qh4 Re4 39. Qh2 Rg5 40. Rh3 Kh7 41. f3 Re7 42. Rh4 Qg7 43. h6 Qg6 44. Rb2 Qf6 45. Rb1 Re2 46. Qf4 Rgxg2+ 47. Kh1 Qg6 48. Rc1 Qg3 49. Qxg3 Rxg3 50. c5 bxc5 51. Rxc5 Re7 52. Ra5 Rxf3 53. Rxa7 Rf2 54. Kg1 Rc2 55. Kf1 Ne4 56. Rh3 f4 57. d6 Nxd6 58. Rf3 Re4 59. Rd3 Kxh6 60. a4 Rb4 61. Rd1 Nf5 62. Kg1 Ne3 63. Re1 Rbb2 0-1

[Event "2026 European Womens Championship"]
[Site "Batumi, GE"]
[Date "2026.05.29"]
[Round "5"]
[White "Dimitrijevic, Aleksandra"]
[Black "Rekhviashvili, Mariam"]
[Result "1-0"]
[Board "119"]
[TimeControl "5400+30"]
[WhiteFideId "929239"]
[BlackFideId "13635859"]
[WhiteElo "2059"]
[BlackElo "1836"]
[WhiteTitle "WGM"]
[WhiteClock "1:04:33"]
[BlackClock "0:33:09"]
[Variant "Standard"]

1. d4 d5 2. c4 e6 3. Nf3 Nf6 4. g3 Be7 5. Bg2 O-O 6. O-O dxc4 7. Nc3 a6 8. Ne5 Nbd7 9. Nxc4 c6 10. a4 Nd5 11. a5 b5 12. axb6 N7xb6 13. Na5 Qd7 14. e4 Nf6 15. Qb3 Bd8 16. Bg5 Bb7 17. e5 h6 18. Bxf6 gxf6 19. Ne4 Rb8 20. Qxb6 c5 21. Nxb7 Rxb7 22. Qxb7 Qxb7 23. Nxf6+ Bxf6 24. Bxb7 1-0

[Event "2026 European Womens Championship"]
[Site "Batumi, GE"]
[Date "2026.05.29"]
[Round "5"]
[White "Hayrapetyan, Nvard"]
[Black "Chkhartishvili, Lika"]
[Result "1-0"]
[Board "120"]
[TimeControl "5400+30"]
[WhiteFideId "13316460"]
[BlackFideId "13635166"]
[WhiteElo "2057"]
[BlackElo "1822"]
[WhiteTitle "WFM"]
[WhiteClock "0:18:50"]
[BlackClock "0:19:44"]
[Variant "Standard"]

1. d4 Nf6 2. c4 e6 3. Nc3 Bb4 4. e3 O-O 5. Bd3 Re8 6. Nge2 d5 7. O-O c5 8. a3 Bxc3 9. bxc3 cxd4 10. cxd4 dxc4 11. Bxc4 Nc6 12. Bb2 Bd7 13. Ng3 Rc8 14. Qe2 Na5 15. Bd3 Nd5 16. Rac1 Qe7 17. Bb1 a6 18. Qd2 Nc6 19. e4 Nb6 20. Rfe1 Na7 21. e5 Bb5 22. Ne4 Nc4 23. Rxc4 Rxc4 24. Re3 Rd8 25. Rg3 g6 26. Nf6+ Kg7 27. Rh3 h5 28. Rxh5 Qxf6 29. Qh6+ Kg8 30. exf6 1-0

[Event "2026 European Womens Championship"]
[Site "Batumi, GE"]
[Date "2026.05.29"]
[Round "5"]
[White "Chighvaria, Ana"]
[Black "Avetisyan, Ani"]
[Result "0-1"]
[Board "121"]
[TimeControl "5400+30"]
[WhiteFideId "13628666"]
[BlackFideId "13319035"]
[WhiteElo "1518"]
[BlackElo "2052"]
[WhiteClock "0:10:45"]
[BlackClock "0:33:15"]
[Variant "Standard"]

1. c4 e5 2. Nc3 Nf6 3. e4 Nc6 4. Be2 Bc5 5. Nf3 d6 6. d3 h6 7. O-O a5 8. h3 O-O 9. Re1 Be6 10. Bf1 Nd7 11. Be3 f5 12. exf5 Bxf5 13. Bxc5 Nxc5 14. d4 exd4 15. Nxd4 Bd7 16. Nxc6 bxc6 17. Re3 Ne6 18. Rg3 Qf6 19. Qd2 Rab8 20. Re1 Nf4 21. Ree3 c5 22. Nd5 Qxb2 23. Qxb2 Rxb2 24. Re7 Nh5 25. Rxd7 Nxg3 26. fxg3 Rb1 27. Ne3 Re1 28. Re7 Rfxf1+ 0-1

[Event "2026 European Womens Championship"]
[Site "Batumi, GE"]
[Date "2026.05.29"]
[Round "5"]
[White "Avelino, Camila Biscaya"]
[Black "Kalayci, Nino"]
[Result "0-1"]
[Board "122"]
[TimeControl "5400+30"]
[WhiteFideId "1938975"]
[BlackFideId "13603221"]
[WhiteElo "1937"]
[BlackElo "1755"]
[WhiteTitle "WFM"]
[BlackTitle "WCM"]
[WhiteClock "0:09:15"]
[BlackClock "0:25:21"]
[Variant "Standard"]

1. e4 c5 2. Nf3 a6 3. c3 d5 4. exd5 Qxd5 5. d4 e6 6. c4 Qd6 7. Be3 Nf6 8. Nc3 cxd4 9. Nxd4 Nc6 10. Nc2 Qc7 11. Qf3 Be7 12. O-O-O O-O 13. Bf4 e5 14. Bg5 Bg4 15. Qg3 Bxd1 16. Kxd1 Qd8+ 17. Kc1 Nh5 0-1

[Event "2026 European Womens Championship"]
[Site "Batumi, GE"]
[Date "2026.05.29"]
[Round "5"]
[White "Rusitashvili, Tea"]
[Black "Manukyan, Tamara"]
[Result "1-0"]
[Board "123"]
[TimeControl "5400+30"]
[WhiteFideId "13640771"]
[BlackFideId "13321307"]
[WhiteElo "1929"]
[BlackElo "1707"]
[WhiteTitle "WCM"]
[WhiteClock "0:57:54"]
[BlackClock "0:55:16"]
[Variant "Standard"]

1. e4 e6 2. d4 d5 3. Nd2 Nf6 4. e5 Nfd7 5. Bd3 c5 6. c3 Nc6 7. Ne2 Qb6 8. Nf3 Be7 9. O-O O-O 10. Ng3 f6 11. exf6 Bxf6 12. dxc5 Qxc5 13. Ng5 Bxg5 14. Bxg5 Nde5 15. Bc2 Nc4 16. Qh5 h6 17. Bxh6 Rf6 18. Bg5 N6e5 19. Bxf6 gxf6 20. Qe8+ Kg7 21. Nh5+ Kh6 22. Qh8+ Kg5 23. Qxf6+ Kxh5 24. Bd1+ Ng4 25. Bxg4+ Kxg4 26. h3+ Kh5 27. g4# 1-0

[Event "2026 European Womens Championship"]
[Site "Batumi, GE"]
[Date "2026.05.29"]
[Round "5"]
[White "Diasamidze, Lulu"]
[Black "Kedelidze, Aneta"]
[Result "1-0"]
[Board "125"]
[TimeControl "5400+30"]
[WhiteFideId "13623818"]
[BlackFideId "13626191"]
[WhiteElo "1924"]
[BlackElo "1676"]
[WhiteClock "0:05:28"]
[BlackClock "0:01:02"]
[Variant "Standard"]

1. e4 e5 2. Nf3 Nf6 3. Nxe5 d6 4. Nf3 Nxe4 5. d4 Bf5 6. Bd3 d5 7. O-O Be7 8. c4 Nc6 9. Nc3 Nxc3 10. bxc3 Bxd3 11. Qxd3 O-O 12. Bf4 dxc4 13. Qxc4 Bd6 14. Bg5 Qd7 15. a4 b6 16. Rac1 Rfe8 17. Kh1 h6 18. Be3 Ne7 19. Qb3 Nf5 20. c4 Rab8 21. Rfe1 c6 22. Rcd1 Qc7 23. Qd3 Ne7 24. g3 Rbd8 25. Qc2 Ng6 26. Kg2 Be7 27. h4 Bf6 28. Qb1 Qb7 29. Qb3 Rd7 30. Rb1 Qa8 31. Qa2 Red8 32. Kg1 Ne7 33. Qc2 Ng6 34. Qf5 Rd6 35. Red1 Ne7 36. Qe4 Qc8 37. Kg2 Qf5 38. Qf4 Qxf4 39. Bxf4 R6d7 40. Re1 Nf5 41. Be5 Nxd4 42. Nxd4 Bxe5 43. Nxc6 Bc3 44. Re3 Bd2 45. Re2 Ra8 46. Rd1 Rd6 47. Ne7+ Kf8 48. Nf5 Rf6 49. Nxg7 Kxg7 50. Rdxd2 Rc8 51. Rd7 Rxc4 52. Rxa7 Rb4 53. f4 Rb3 54. Rf2 h5 55. Rf3 Rb2+ 56. Rf2 Rb3 57. Kh2 Rd6 58. a5 bxa5 59. Rxa5 Kh6 60. Rc2 Rd1 61. Rf5 Rb7 62. Rc6+ f6 63. Rfxf6+ Kg7 64. Rg6+ Kf7 65. Rcf6+ Ke7 66. Rg7+ Kxf6 67. Rxb7 Rd5 68. Kh3 Kg6 69. Rb6+ Kf5 70. Rb2 Kf6 71. Re2 Kg6 72. Re8 Kf5 73. Kg2 Rd2+ 74. Kf3 Rd3+ 75. Re3 Rd5 76. Re8 Rd3+ 77. Kg2 Rd2+ 78. Kh3 Rd5 79. Rg8 Ke4 80. Ra8 Kf3 81. Ra3+ Ke4 82. Ra1 Rb5 83. Rg1 Ra5 84. g4 Ra3+ 85. Rg3 hxg4+ 86. Kxg4 Ra8 87. h5 Rg8 88. Kh4 Rh8 89. Rg4 Kf5 90. Rg7 Kxf4 91. Rf7+ Ke5 92. Kg5 Rg8 93. Kh6 Ke6 94. Rg7 Rf8 95. Kg6 Rf6 96. Kh7 Rf5 97. h6 Rf8 98. Rg8 Rf7+ 99. Kg6 Rf6 100. Kg5 Rf5+ 101. Kg4 Rf7 102. Ra8 Rd7 103. Kg5 Rf7 104. Ra6+ Ke7 105. Ra7+ Ke6 106. h7 Rxa7 107. h8=Q Ra5+ 108. Kg6 Re5 109. Qd8 Rd5 110. Qe8+ Kd6 111. Kf6 Kc5 112. Ke6 Rd6+ 113. Ke5 Rd5 114. Ke4 Rd4+ 115. Ke3 Rd5 116. Qe7+ Kc6 117. Qa7 Kd6 118. Kf4 Rc5 119. Qb6+ Kd5 120. Qd8+ Kc4 121. Ke4 Kb4 122. Qd6 Kc4 123. Qd3+ Kb4 124. Kd4 Rb5 125. Qc2 Ka5 126. Kc4 Rb4+ 127. Kc3 Rb5 128. Qg6 Rc5+ 129. Kd4 Rb5 130. Kc4 Rb4+ 131. Kc3 Rb5 132. Qd6 Rb6 133. Qa3+ Kb5 134. Kd4 Kc6 135. Qe7 Kb5 136. Kd5 Ka5 137. Qa7+ Kb5 138. Qa3 Ra6 139. Qb3+ Ka5 140. Kc5 1-0

[Event "2026 European Womens Championship"]
[Site "Batumi, GE"]
[Date "2026.05.29"]
[Round "5"]
[White "Xing, Lida"]
[Black "Vakhania, Aleksandra"]
[Result "1-0"]
[Board "127"]
[TimeControl "5400+30"]
[WhiteFideId "13326171"]
[BlackFideId "13602560"]
[WhiteElo "1598"]
[BlackElo "2079"]
[BlackTitle "WIM"]
[WhiteClock "0:02:47"]
[BlackClock "0:02:15"]
[Variant "Standard"]

1. e4 c6 2. d4 d5 3. e5 Bf5 4. h4 h5 5. c4 e6 6. Nc3 Nd7 7. cxd5 cxd5 8. Bd3 Bxd3 9. Qxd3 Ne7 10. Bg5 Qb6 11. Rc1 Nc6 12. Nge2 Be7 13. Bxe7 Nxe7 14. O-O a6 15. Nf4 Qa5 16. Rfd1 g6 17. Qd2 Qd8 18. Qe2 Nb6 19. b3 Nf5 20. g3 Rc8 21. Qd3 Kf8 22. Nh3 Kg7 23. Ne2 Qe7 24. Nef4 Qa3 25. Rc2 Rxc2 26. Qxc2 Rc8 27. Qe2 Rc1 28. Ng5 Nc8 29. Kg2 Nce7 30. Rd2 Nc6 31. Qf3 Qa5 32. Nxh5+ Kf8 33. Rd3 Qe1 34. Kh3 Qf1+ 35. Kg4 gxh5+ 36. Kxh5 Qh1 37. Qf4 Nce7 38. Nh7+ Ke8 39. Qg5 Kd7 40. g4 Qe4 41. Nf6+ Kd8 42. Nxe4 dxe4 43. Qxc1 exd3 44. gxf5 Nxf5 45. Qd2 1-0